 Dungeon Crawl Stone Soup version 0.31-a0-640-g39d97e502b (webtiles) character file.

Game seed: 16284727921288920282

1043 qw the Skirmisher (level 8, -7/49 HPs)
             Began as a Gargoyle Hunter on Aug 27, 2023.
             Was an Initiate of Okawaru.
             Mangled by Duvessa
             ... wielding a +0 short sword
              (12 damage)
             ... on level 6 of the Dungeon.
             The game lasted 00:02:14 (4707 turns).

qw the Skirmisher (Gargoyle Hunter)                 Turns: 4707, Time: 00:02:15

Health: -7/49      AC: 14    Str: 15    XL:     8   Next: 25%
Magic:  8/8        EV: 11    Int: 10    God:    Okawaru [......]
Gold:   311        SH:  0    Dex: 15    Spells: 7/7 levels left

rFire   . . .        Y - +0 shortbow
rCold   . . .        (shield currently unavailable)
rNeg    + . .        c - +2 ring mail {Will+}
rPois   inf          d - +0 helmet
rElec   +            (no cloak)
rCorr   .            (no gloves)
SInv    .            (no boots)
Will    +....        (no amulet)
Stlth   +            (no ring)
HPRegen 0.28/turn    (no ring)
MPRegen 0.11/turn

%: no passive effects
@: about to teleport
A: sickness immunity, AC +5, negative energy resistance 1, electricity
resistance, torment resistance 1, petrification resistance
a: Renounce Religion


You were on level 6 of the Dungeon.
You worshipped Okawaru.
Okawaru was noncommittal.
You visited 2 branches of the dungeon, and saw 7 of its levels.

You collected 311 gold pieces.


Innate Abilities, Weirdness & Mutations

You are immune to sickness and miasma.
Your stone body is resilient. (AC +5)
You are immune to poison.
You resist negative energy. (rN+)
You are resistant to electric shocks. (rElec)
You are resistant to unholy torment.
You are immune to petrification.


   Skills:
 - Level 5.1 Fighting
 + Level 8.9 Ranged Weapons
 - Level 2.1 Armour
 - Level 2.0 Dodging
 - Level 1.1 Stealth


You had 7 spell levels left.
You didn't know any spells.
Your spell library was empty.

Inventory:

Hand Weapons
 Y - a +0 shortbow (weapon)
Armour
 c - a +2 ring mail of willpower (worn)
 d - a +0 helmet (worn)
Jewellery
 b - a ring of ice
 j - a ring of fire
Scrolls
 g - 2 scrolls of identify
Potions
 a - 2 potions of curing
 f - a potion of degeneration {unknown}
 h - a potion of lignification {unknown}
 i - a potion of haste
 l - a potion of invisibility {unknown}

Dungeon Overview and Level Annotations

Branches:
Dungeon (6/15)             Temple (1/1) D:5

Altars:
Ashenzari
Elyvilon
Gozag
Hepliaklqana
Kikubaaqudgha
Makhleb
Nemelex Xobeh
Okawaru
Qazlal
Ru
Trog
Uskayaw
Vehumet
Xom
Yredelemnul
Zin

Annotations:
D:4 2 transporters, qw's ghost, amateur GrHu
D:6 Duvessa


Message History

Dowan gestures at Duvessa while chanting.
Duvessa seems to speed up.
You shoot an arrow. The arrow hits Dowan.
Dowan is almost dead.
Dowan hits you but does no damage.
You shoot an arrow. The arrow closely misses Dowan.
The arrow barely misses Duvessa.
You shoot an arrow. The arrow hits Duvessa.
Duvessa is lightly wounded.
Duvessa hits you with a +0 short sword.
You shoot an arrow. The arrow hits Dowan!
You kill Dowan!
Okawaru accepts your kill.
Duvessa weeps, and shakes her weapon.
Duvessa goes berserk!
Duvessa hits you but does no damage.
You shoot an arrow. The arrow hits Duvessa!
Duvessa is moderately wounded.
Duvessa misses you. Duvessa hits you with a +0 short sword.
You shoot an arrow. The arrow completely misses Duvessa.
Duvessa misses you. Duvessa hits you with a +0 short sword.
You shoot an arrow.
The arrow hits Duvessa but does no damage.
Duvessa is moderately wounded.
Duvessa hits you but does no damage.
You shoot an arrow. The arrow barely misses Duvessa.
Duvessa barely misses you. Duvessa hits you with a +0 short sword!
You shoot an arrow. The arrow hits Duvessa!
Duvessa is moderately wounded.
Duvessa hits you but does no damage.
You shoot an arrow. The arrow hits Duvessa!
Duvessa is heavily wounded.
Duvessa hits you with a +0 short sword! x2
4706 ||| READING scroll of teleportation.
As you read the scroll of teleportation, it crumbles to dust.
You feel strangely unstable. Duvessa hits you but does no damage.
You shoot an arrow. The arrow barely misses Duvessa.
Duvessa hits you with a +0 short sword!
You die...

...###### ...##...#######
....... ..............+
....e.. ..........<...#
.......
...##........######.......
...##........##...#.......
...#..............#.......
...##...##...##..)#.......
...##...####+##.@e'.......
.............#....#.......
.............+....#.F.....
.............##...#.......
...##...##...##...#.......
...##...#######...#.......
#####.............#.......
..................#.......
..................#


You could see Duvessa (berserk, fast).

Vanquished Creatures
  Menkaure (D:4)
  2 ice beasts
  2 bullfrogs
  A scorpion (D:4)
  Dowan (D:6)
  A howler monkey (D:5)
  A hound (D:6)
  A jelly (D:6)
  A sleepcap (D:6)
  5 iguanas
  An orc wizard (D:5)
  Robin (D:2)
  4 gnolls (D:2)
  5 adders
  A white imp (D:5)
  9 worms
  2 dart slugs (D:1)
  9 orcs
  13 ball pythons
  8 endoplasms
  7 giant cockroaches
  14 hobgoblins
  9 jackals
  6 kobolds
  7 quokkas
  6 bats
  2 frilled lizards
  11 goblins
  A rat (D:5)
132 creatures vanquished.

Notes
Turn   | Place    | Note
-------+----------+-------------------------------------------
     0 | D:1      | qw the Gargoyle Hunter began the quest for the Orb.
     0 | D:1      | Reached XP level 1. HP: 12/12 MP: 1/1
     0 | D:1      | 0 ||| qw: Version: 0.3-a-74-g0d5e918
     0 | D:1      | 0 ||| qw: Game counter: 112
     0 | D:1      | 0 ||| qw: Melee chars always use a shield: true
     0 | D:1      | 0 ||| qw: God list: Okawaru
     0 | D:1      | 0 ||| qw: Allow faded altars: false
     0 | D:1      | 0 ||| qw: Do Orc after clearing Dungeon:15 true
     0 | D:1      | 0 ||| qw: Do second Lair branch before Depths: true
     0 | D:1      | 0 ||| qw: Lair rune preference: random
     0 | D:1      | 0 ||| qw: Goals: Normal
     0 | D:1      | 0 ||| PLANNING D:1-11
    88 | D:1      | Reached XP level 2. HP: 15/17 MP: 2/2
   152 | D:1      | 152 ||| Stepping ~*~*~tactically~*~*~ (outnumbered).
   208 | D:1      | Reached XP level 3. HP: 21/21 MP: 3/3
   482 | D:1      | Reached skill level 5 in Ranged Weapons
   805 | D:1      | 805 ||| UPGRADING to +0 ring mail of willpower.
   815 | D:1      | 815 ||| DROPPING +0 leather armour.
   816 | D:1      | 816 ||| READING 2 scrolls labelled YRHODD BESSO.
   817 | D:1      | 817 ||| READING 4 scrolls labelled EGAXTE EHOMEEH.
   818 | D:1      | 818 ||| READING scroll labelled NEIDEQI KISEHI.
   819 | D:1      | 819 ||| READING scroll labelled WOMAXOTTUK.
   820 | D:1      | 820 ||| READING scroll labelled ROZ CEOREPTAKU.
   825 | D:1      | 825 ||| DRINKING 2 fizzy blue potions.
   826 | D:1      | 826 ||| READING 3 scrolls of identify.
   826 | D:1      | 826 ||| IDENTIFYING red potion
   827 | D:1      | 827 ||| DROPPING scroll of poison.
   828 | D:1      | 828 ||| DROPPING scroll of butterflies.
   829 | D:1      | 829 ||| DROPPING potion of ambrosia.
   830 | D:1      | 830 ||| DROPPING potion of attraction.
   904 | D:2      | 904 ||| Stepping ~*~*~tactically~*~*~ (retreating).
   906 | D:2      | Reached skill level 1 in Armour
   908 | D:2      | 908 ||| Stepping ~*~*~tactically~*~*~ (retreating).
   912 | D:2      | 912 ||| Stepping ~*~*~tactically~*~*~ (retreating).
   914 | D:2      | Reached XP level 4. HP: 16/27 MP: 4/4
   925 | D:2      | HP: 4/27 [gnoll/+0 spear (5)]
   929 | D:2      | Reached skill level 3 in Fighting
   932 | D:2      | HP: 2/28 [gnoll/+0 spear (1)]
  1351 | D:2      | Reached XP level 5. HP: 32/32 MP: 5/5
  1379 | D:2      | Noticed Robin
  1389 | D:2      | Killed Robin
  1776 | D:2      | 1776 ||| UPGRADING to +2 ring mail of willpower.
  1786 | D:2      | 1786 ||| UPGRADING to +0 helmet.
  1791 | D:2      | 1791 ||| DROPPING +0 ring mail of willpower.
  1792 | D:2      | 1792 ||| READING 3 scrolls labelled BOCZOTHR LAPYU.
  1793 | D:2      | 1793 ||| READING 2 scrolls labelled NAD PILLACU.
  1794 | D:2      | 1794 ||| DROPPING 2 scrolls of vulnerability.
  1795 | D:2      | 1795 ||| DROPPING scroll of revelation.
  1905 | D:3      | Reached skill level 6 in Ranged Weapons
  2392 | D:3      | 2392 ||| READING 4 scrolls of identify.
  2392 | D:3      | 2392 ||| IDENTIFYING smoky ruby potion
  2423 | D:4      | Noticed Menkaure
  2429 | D:4      | 2429 ||| Stepping ~*~*~tactically~*~*~ (retreating).
  2430 | D:4      | 2430 ||| Stepping ~*~*~tactically~*~*~ (retreating).
  2435 | D:4      | Killed Menkaure
  2436 | D:4      | Reached XP level 6. HP: 18/40 MP: 6/6
  2616 | D:4      | Found a transporter.
  2619 | D:4      | Found a transporter.
  2619 | D:4      | Noticed qw's ghost (amateur GrHu)
  2622 | D:4      | Identified the +6 dire flail "Iriqeoni" {speed, rF+}
  2861 | D:4      | 2861 ||| READING scroll labelled RURRAUSUUXT.
  2974 | D:5      | Entered Level 5 of the Dungeon
  2975 | D:5      | 2975 ||| PLANNING SEWER
  2976 | D:5      | 2976 ||| STAIRDANCE
  2986 | D:4      | Reached XP level 7. HP: 22/44 MP: 7/7
  3069 | D:5      | 3069 ||| STAIRDANCE
  3084 | D:5      | Identified the +7 chain mail of Negation {rC+ MP-9 Str+3
                  | Dex+2}
  3099 | D:5      | Reached skill level 7 in Ranged Weapons
  3104 | D:5      | 3104 ||| FLEEEEING.
  3105 | D:5      | 3105 ||| FLEEEEING.
  3106 | D:5      | 3106 ||| STAIRDANCE
  3159 | D:5      | 3159 ||| STAIRDANCE
  3237 | D:5      | 3237 ||| FLEEEEING.
  3239 | D:5      | 3239 ||| FLEEEEING.
  3244 | D:5      | 3244 ||| FLEEEEING.
  3245 | D:5      | 3245 ||| FLEEEEING.
  3246 | D:5      | 3246 ||| FLEEEEING.
  3247 | D:5      | 3247 ||| FLEEEEING.
  3248 | D:5      | 3248 ||| FLEEEEING.
  3249 | D:5      | 3249 ||| FLEEEEING.
  3250 | D:5      | 3250 ||| FLEEEEING.
  3251 | D:5      | 3251 ||| FLEEEEING.
  3252 | D:5      | 3252 ||| FLEEEEING.
  3253 | D:5      | 3253 ||| FLEEEEING.
  3254 | D:5      | 3254 ||| FLEEEEING.
  3257 | D:5      | 3257 ||| STAIRDANCE
  3274 | D:4      | 3274 ||| DROPPING scarf of harm.
  3275 | D:4      | 3275 ||| READING scroll labelled SYFEYC YLEICS.
  3276 | D:4      | 3276 ||| READING 3 scrolls of identify.
  3276 | D:4      | 3276 ||| IDENTIFYING yellow potion
  3277 | D:4      | 3277 ||| READING 2 scrolls of identify.
  3277 | D:4      | 3277 ||| IDENTIFYING fuming clear potion
  3287 | D:5      | 3287 ||| Stepping ~*~*~tactically~*~*~ (water).
  3407 | D:5      | HP: 11/44 [orc/+0 hand axe (3)]
  3408 | D:5      | 3408 ||| READING 2 scrolls of teleportation.
  3410 | D:5      | 3410 ||| DRINKING potion of heal wounds.
  3512 | D:5      | Found a burning altar of Makhleb.
  3641 | D:5      | 3641 ||| RIP SEWER
  3643 | D:5      | 3643 ||| PLANNING D:1-11
  3720 | D:5      | 3720 ||| FLEEEEING.
  3721 | D:5      | 3721 ||| FLEEEEING.
  3725 | D:5      | 3725 ||| FLEEEEING.
  3726 | D:5      | 3726 ||| FLEEEEING.
  3727 | D:5      | 3727 ||| FLEEEEING.
  3728 | D:5      | 3728 ||| FLEEEEING.
  3729 | D:5      | 3729 ||| FLEEEEING.
  3730 | D:5      | 3730 ||| FLEEEEING.
  3732 | D:5      | 3732 ||| FLEEEEING.
  3737 | D:5      | 3737 ||| FLEEEEING.
  3738 | D:5      | 3738 ||| FLEEEEING.
  3739 | D:5      | 3739 ||| FLEEEEING.
  3740 | D:5      | 3740 ||| FLEEEEING.
  3741 | D:5      | 3741 ||| FLEEEEING.
  3742 | D:5      | 3742 ||| FLEEEEING.
  3743 | D:5      | 3743 ||| FLEEEEING.
  3744 | D:5      | 3744 ||| FLEEEEING.
  3745 | D:5      | 3745 ||| FLEEEEING.
  3746 | D:5      | 3746 ||| FLEEEEING.
  3747 | D:5      | 3747 ||| FLEEEEING.
  3748 | D:5      | 3748 ||| FLEEEEING.
  3749 | D:5      | 3749 ||| FLEEEEING.
  3750 | D:5      | 3750 ||| FLEEEEING.
  3751 | D:5      | 3751 ||| FLEEEEING.
  3752 | D:5      | 3752 ||| FLEEEEING.
  3755 | D:5      | 3755 ||| FLEEEEING.
  3756 | D:5      | 3756 ||| FLEEEEING.
  3757 | D:5      | 3757 ||| FLEEEEING.
  3758 | D:5      | 3758 ||| FLEEEEING.
  3759 | D:5      | 3759 ||| FLEEEEING.
  3760 | D:5      | 3760 ||| FLEEEEING.
  3761 | D:5      | 3761 ||| FLEEEEING.
  3762 | D:5      | 3762 ||| FLEEEEING.
  3763 | D:5      | 3763 ||| FLEEEEING.
  3765 | D:5      | 3765 ||| FLEEEEING.
  3766 | D:5      | 3766 ||| FLEEEEING.
  3767 | D:5      | 3767 ||| FLEEEEING.
  3768 | D:5      | 3768 ||| FLEEEEING.
  3769 | D:5      | 3769 ||| STAIRDANCE
  3835 | D:5      | Reached skill level 8 in Ranged Weapons
  3835 | D:5      | 3835 ||| STAIRDANCE
  4127 | D:5      | Found a staircase to the Ecumenical Temple.
  4128 | D:5      | 4128 ||| PLANNING TEMPLE
  4128 | D:5      | 4128 ||| READING 2 scrolls of identify.
  4128 | D:5      | 4128 ||| IDENTIFYING green potion
  4129 | D:5      | 4129 ||| DROPPING potion of brilliance.
  4134 | Temple   | Entered the Ecumenical Temple
  4135 | Temple   | 4135 ||| PLANNING OKAWARU WORSHIP
  4145 | Temple   | Became a worshipper of Warmaster Okawaru
  4146 | Temple   | 4146 ||| PLANNING D:1-11
  4589 | D:6      | Reached XP level 8. HP: 49/49 MP: 8/8
  4669 | D:6      | Noticed Dowan
  4671 | D:6      | 4671 ||| Stepping ~*~*~tactically~*~*~ (outnumbered).
  4676 | D:6      | Noticed Duvessa
  4677 | D:6      | 4677 ||| Stepping ~*~*~tactically~*~*~ (retreating).
  4699 | D:6      | Killed Dowan
  4705 | D:6      | HP: 4/49 [Duvessa/+0 short sword (12)]
  4706 | D:6      | 4706 ||| READING scroll of teleportation.
  4707 | D:6      | Mangled by Duvessa

Levels and vault maps discovered:
D:1:      dpeg_arrival_simpleton_c, layout_loops_ring, bh_walls_and_bars
D:2:      layout_basic, uniq_robin
D:3:      layout_basic, nicolae_wormholes
D:4:      layout_rooms, gammafunk_ghost_smash, uniq_menkaure
D:5:      layout_cave_pods, bloody_makhleb, temple_doors_cd,
          gup_sewer_entry_bubbles
D:6:      layout_gridville, uniq_duvessa
Temple:   bh_familiar_temple

Skill      XL: |  1  2  3  4  5  6  7 |
---------------+----------------------+-----
Ranged Weapons | 5 6 8 |  8.9
Armour         | 1 2 |  2.1
Fighting       | 3 4 5 |  5.1
Dodging        | 2 |  2.0
Stealth        | |  1.1

Action                     |  1- 3 |  4- 6 |  7- 9 || total
---------------------------+-------+-------+-------++-------
   Fire: Shortbow          |    88 |   211 |   214 ||   513
    Use: Scroll            |     6 |     4 |     6 ||    16
         Potion            |     1 |       |     1 ||     2
 Armour: Leather armour    |     8 |       |       ||     8
         Ring mail         |     3 |    38 |    91 ||   132
  Dodge: Dodged            |    20 |    67 |   105 ||   192

Table legend:
 A = Non-vault XP
 B = Vault XP
 C = Vault XP percentage of total XP
 D = Non-vault monster count
 E = Vault monster count
 F = Vault count percentage of total count
                 A         B        C        D         E       F
            +---------+---------+-------+---------+---------+-------
      Total |    1178 |     313 |  21.0 |     107 |      25 |  18.9
            +---------+---------+-------+---------+---------+-------
        D:1 |      45 |       0 |   0.0 |      23 |       0 |   0.0
        D:2 |     121 |      36 |  22.9 |      29 |      12 |  29.3
        D:3 |      65 |      15 |  18.8 |      16 |       3 |  15.8
        D:4 |     193 |     169 |  46.7 |      15 |       1 |   6.2
        D:5 |     362 |      19 |   5.0 |      17 |       7 |  29.2
        D:6 |     392 |      74 |  15.9 |       7 |       2 |  22.2
            +---------+---------+-------+---------+---------+-------
